 Dungeon Crawl Stone Soup version 0.31-a0-703-gcfe89afef6 (webtiles) character file.

Game seed: 10237757253824117702

125 qw the Shooter (level 5, 0/34 HPs)
             Began as a Gargoyle Hunter on Sept 8, 2023.
             Slain by a goblin
             ... wielding a +0 club
             ... led by Robin
              (4 damage)
             ... on level 3 of the Dungeon.
             The game lasted 00:00:30 (1212 turns).

qw the Shooter (Gargoyle Hunter)                    Turns: 1212, Time: 00:00:30

Health: 0/34       AC: 10    Str: 15    XL:     5   Next: 9%
Magic:  5/5        EV: 11    Int:  9    God:
Gold:   116        SH:  0    Dex: 15    Spells: 4/4 levels left

rFire   . . .        Y - +0 shortbow
rCold   . . .        (shield currently unavailable)
rNeg    + . .        a - +0 ring mail
rPois   inf          (no helmet)
rElec   +            (no cloak)
rCorr   .            i - +0 pair of gloves
SInv    .            (no boots)
Will    .....        (no amulet)
Stlth   +            (no ring)
HPRegen 0.25/turn    (no ring)
MPRegen 0.09/turn

%: no passive effects
@: no status effects
A: sickness immunity, AC +4, negative energy resistance 1, electricity
resistance, torment resistance 1, petrification resistance
a: no special abilities


You were on level 3 of the Dungeon.
You visited 1 branch of the dungeon, and saw 4 of its levels.

You collected 116 gold pieces.


Innate Abilities, Weirdness & Mutations

You are immune to sickness and miasma.
Your stone body is resilient. (AC +4)
You are immune to poison.
You resist negative energy. (rN+)
You are resistant to electric shocks. (rElec)
You are resistant to unholy torment.
You are immune to petrification.


   Skills:
 - Level 4.3 Fighting
 - Level 5.1 Ranged Weapons
 + Level 0.5 Armour
 - Level 1.5 Dodging
 - Level 1.1 Stealth


You had 4 spell levels left.
You didn't know any spells.
Your spell library was empty.

Inventory:

Hand Weapons
 Y - a +0 shortbow (weapon)
Armour
 a - a +0 ring mail (worn)
 i - a +0 pair of gloves (worn)
Potions
 e - a potion of curing {unknown}
 g - a potion of haste {unknown}
 h - a potion of brilliance {unknown}

Dungeon Overview and Level Annotations

Branches:
Dungeon (4/15)
 Temple: D:4-7

Altars:

Annotations:
D:3 Robin


Message History

Robin is moderately wounded.
Robin throws the goblin at you! The goblin hits you but does no damage.
The goblin hits you with a +0 dagger. The goblin hits you but does no damage.
The goblin hits you with a +0 club. Robin throws the goblin at you!
The goblin hits you but does no damage. x3
The goblin hits you with a +0 dagger. The goblin closely misses you.
You shoot an arrow. The arrow barely misses the goblin.
The goblin closely misses you. The goblin hits you with a +0 dagger.
The goblin hits you but does no damage.
Robin roars a battlecry!
The goblins go into a battle-frenzy!
The goblin closely misses you. The goblin barely misses you.
You shoot an arrow. The arrow hits the goblin.
The goblin is moderately wounded.
The goblin hits you but does no damage. Robin throws the goblin at you!
The goblin hits you but does no damage. The goblin barely misses you.
The goblin closely misses you. The goblin hits you with a +0 dagger.
The goblin hits you but does no damage.
You shoot an arrow. The arrow closely misses the goblin.
The goblin closely misses you.
The goblin hits you but does no damage. x2
The goblin hits you with a +0 dagger. x2; The goblin misses you.
You shoot an arrow.
The arrow hits Robin but does no damage.
Robin is moderately wounded.
Robin hits you but does no damage. The goblin hits you but does no damage.
The goblin completely misses you.
The goblin hits you but does no damage. x3
The goblin barely misses you.
A goblin comes into view. It is wielding a +0 dagger.
The goblin barely misses you. The goblin hits you but does no damage.
The goblin barely misses you. The goblin hits you with a +0 club.
The goblin hits you but does no damage. The goblin barely misses you.
You shoot an arrow. The arrow closely misses Robin.
The goblin no longer looks unusually strong. x3
The goblin misses you. x3; The goblin hits you but does no damage. x2
The goblin misses you.
You shoot an arrow. The arrow hits Robin.
Robin is heavily wounded.
The goblin no longer looks unusually strong. x2
The goblin hits you but does no damage. x2; The goblin hits you with a +0 club.
You die...

...........#..##...
######.............
........#..###..#
#########..###..###
.................
#########..##..##
#..##..#
#...gg.###.##
####g@g).....
#....ggg......
######.#g####.
#...>. #######


You could see Robin and 7 goblins.

Vanquished Creatures
  A phantom (D:4)
  An adder (D:2)
  A dart slug (D:2)
  4 bats
  5 endoplasms
  A giant cockroach (D:2)
  5 goblins
  3 hobgoblins
  3 jackals (D:2)
  2 quokkas (D:1)
  2 ball pythons (D:1)
  2 frilled lizards
  2 kobolds
  2 rats
34 creatures vanquished.

Notes
Turn   | Place    | Note
-------+----------+-------------------------------------------
     0 | D:1      | qw the Gargoyle Hunter began the quest for the Orb.
     0 | D:1      | Reached XP level 1. HP: 12/12 MP: 1/1
     0 | D:1      | 0 ||| qw: Version: 0.3-a-76-g4403597
     0 | D:1      | 0 ||| qw: Game counter: 1293
     0 | D:1      | 0 ||| qw: Melee chars always use a shield: true
     0 | D:1      | 0 ||| qw: God list: Okawaru
     0 | D:1      | 0 ||| qw: Allow faded altars: false
     0 | D:1      | 0 ||| qw: Do Orc after clearing Dungeon:15 true
     0 | D:1      | 0 ||| qw: Do second Lair branch before Depths: true
     0 | D:1      | 0 ||| qw: Lair rune preference: random
     0 | D:1      | 0 ||| qw: Goals: Normal
     0 | D:1      | 0 ||| PLANNING D:1-11
   129 | D:1      | Reached XP level 2. HP: 17/17 MP: 2/2
   701 | D:1      | 701 ||| UPGRADING to +0 pair of gloves.
   706 | D:1      | 706 ||| READING scroll labelled JAS FOX XIEM.
   707 | D:1      | 707 ||| READING scroll labelled QEECWISK ITZEY.
   708 | D:1      | 708 ||| READING scroll labelled EBROTS LIK EXA.
   709 | D:1      | 709 ||| DROPPING scroll of butterflies.
   749 | D:2      | 749 ||| STAIRDANCE
   759 | D:2      | 759 ||| STAIRDANCE
   810 | D:2      | 810 ||| FLEEEEING.
   814 | D:2      | 814 ||| STAIRDANCE
   832 | D:2      | Reached XP level 3. HP: 21/21 MP: 3/3
   847 | D:2      | Reached skill level 5 in Ranged Weapons
  1088 | D:2      | You fall into a shaft and drop 2 floors!
  1108 | D:4      | Noticed a phantom
  1126 | D:4      | Killed a phantom
  1127 | D:4      | Reached XP level 4. HP: 30/30 MP: 4/4
  1127 | D:4      | Reached XP level 5. HP: 34/34 MP: 5/5
  1127 | D:4      | 1127 ||| UPGRADING to +0 ring mail.
  1137 | D:4      | 1137 ||| DROPPING +0 leather armour.
  1198 | D:3      | Noticed Robin
  1209 | D:3      | HP: 8/34 [goblin/+0 dagger[Robin] (4)]
  1210 | D:3      | HP: 3/34 [goblin/+0 club[Robin] (3)]
  1212 | D:3      | Slain by a goblin

Levels and vault maps discovered:
D:1:      lightli_arrival_windingriver, layout_loops_ring
D:2:      layout_loops_ring, serial_rivers, chequers_serial_rivers_marsh,
          chequers_serial_rivers_large_b, chequers_serial_rivers_marsh,
          chequers_serial_rivers_micro_b, chequers_serial_rivers_micro_c,
          chequers_serial_rivers_small_b
D:3:      layout_basic, nicolae_overflow_hidden_temple, uniq_robin
D:4:      kennysheep_goblin_castle, layout_basic, uniq_ijyb

Skill      XL: |  1  2  3 |
---------------+----------+-----
Ranged Weapons | 5 |  5.1
Fighting       | 4 |  4.3
Armour         | |  0.5
Dodging        | |  1.5
Stealth        | |  1.1

Action                     |  1- 3 |  4- 6 || total
---------------------------+-------+-------++-------
   Fire: Shortbow          |    96 |    22 ||   118
    Use: Scroll            |     3 |       ||     3
 Armour: Leather armour    |    29 |       ||    29
         Ring mail         |       |    43 ||    43
  Dodge: Dodged            |    22 |    19 ||    41

Table legend:
 A = Non-vault XP
 B = Vault XP
 C = Vault XP percentage of total XP
 D = Non-vault monster count
 E = Vault monster count
 F = Vault count percentage of total count
                 A         B        C        D         E       F
            +---------+---------+-------+---------+---------+-------
      Total |     171 |       8 |   4.5 |      30 |       4 |  11.8
            +---------+---------+-------+---------+---------+-------
        D:1 |      27 |       0 |   0.0 |      15 |       0 |   0.0
        D:2 |      35 |       0 |   0.0 |      12 |       0 |   0.0
        D:3 |       1 |       8 |  88.9 |       1 |       4 |  80.0
        D:4 |     108 |       0 |   0.0 |       2 |       0 |   0.0
            +---------+---------+-------+---------+---------+-------
